[Event "Superliga 2011 M"]
[Site "Brasov/Rumania"]
[Date "2011.10.13"]
[Round "6.4"]
[White "Genov, Petar"]
[Black "Iordachescu, Viorel"]
[Result "0-1"]
[ECO "E15"]
[WhiteElo "2447"]
[BlackElo "2646"]
[PlyCount "88"]
[EventDate "2011.??.??"]
[TimeControl "40/5400+30:1800+30"]

1. d4 Nf6 2. c4 e6 3. Nf3 b6 4. g3 Ba6 5. b3 b5 6. cxb5 Bxb5 7. Bg2 d5 8. O-O
Nbd7 9. Nc3 Ba6 10. Re1 Bd6 11. Bb2 O-O 12. Rc1 Rc8 13. e4 dxe4 14. Nxe4 Nxe4
15. Rxe4 Nf6 16. Re1 Bb4 17. Re5 Nd5 18. a3 Bd6 19. Re1 Bb7 20. Nd2 Rb8 21. Nc4
Ne7 22. Bxb7 Rxb7 23. b4 Rb5 24. Qe2 a6 25. Red1 Qa8 26. Bc3 Nf5 27. a4 Rd5 28.
Rb1 Qc6 29. Qa2 h5 30. Qb3 Rb8 31. Ne5 Bxe5 32. dxe5 Rbd8 33. Rxd5 Rxd5 34. b5
axb5 35. axb5 Qd7 36. h4 Rc5 37. Ba1 Qd2 38. Rf1 Qe2 39. b6 cxb6 40. Qxb6 Rd5
41. Qb8+ Kh7 42. Qb1 Rd3 43. Qe1 Qf3 44. Qb1 g6 0-1

[Event "Superliga 2011 M"]
[Site "Brasov/Rumania"]
[Date "2011.10.13"]
[Round "6.4"]
[White "Marin, Mihail"]
[Black "Grecescu, Gabriel-Andrei"]
[Result "1-0"]
[ECO "E14"]
[WhiteElo "2550"]
[BlackElo "2423"]
[PlyCount "79"]
[EventDate "2011.??.??"]
[TimeControl "40/5400+30:1800+30"]

1. d4 Nf6 2. Nf3 e6 3. e3 b6 4. Bd3 Bb7 5. O-O d5 6. b3 Bd6 7. Bb2 O-O 8. c4
Qe7 9. Nc3 a6 10. Rc1 Nbd7 11. Na4 dxc4 12. bxc4 e5 13. c5 e4 14. cxd6 Qxd6 15.
Ne5 exd3 16. Nxd3 Rac8 17. f3 Nd5 18. Re1 Rfe8 19. e4 Nb4 20. Nxb4 Qxb4 21. Bc3
Qd6 22. d5 b5 23. Qd4 f6 24. Bb4 Qe5 25. Qxe5 Nxe5 26. Nc5 Ba8 27. Red1 Nc4 28.
Nxa6 f5 29. Nc5 fxe4 30. fxe4 Rcd8 31. Be1 h6 32. Bg3 Re7 33. a4 Nb2 34. Rd4
Nxa4 35. Nxa4 bxa4 36. Rxc7 Rxc7 37. Bxc7 Rd7 38. Bb6 Bb7 39. Rxa4 Kf7 40. Kf2
1-0

[Event "Superliga 2011 M"]
[Site "Brasov/Rumania"]
[Date "2011.10.13"]
[Round "6.4"]
[White "Bonte, Andrei-Mihai"]
[Black "Miron, Lucian-Costin"]
[Result "1-0"]
[ECO "C47"]
[WhiteElo "2364"]
[BlackElo "2514"]
[PlyCount "91"]
[EventDate "2011.??.??"]
[TimeControl "40/5400+30:1800+30"]

1. e4 e5 2. Nf3 Nc6 3. d4 exd4 4. Nxd4 Nf6 5. Nc3 Bb4 6. Nxc6 bxc6 7. Bd3 d5 8.
exd5 O-O 9. O-O cxd5 10. Bg5 c6 11. Qf3 Be7 12. Rfe1 Rb8 13. Na4 h6 14. Bf4 Rb4
15. b3 Bg4 16. Qe3 Re8 17. Be5 Be6 18. Qxa7 Ng4 19. Bc7 Qd7 20. Nb6 Bc5 21.
Nxd7 Bxa7 22. Ne5 Bxf2+ 23. Kf1 Bxe1 24. Rxe1 Rb7 25. Bd6 Nxe5 26. Rxe5 Ra8 27.
a4 Ra5 28. Ke1 c5 29. Bb5 Bd7 30. Re7 Raa7 31. Rxd7 Rxd7 32. Bxd7 Rxd7 33. Bxc5
f5 34. b4 Rd8 35. Kd2 Kf7 36. a5 Ra8 37. Kc3 Ke6 38. Kb3 g5 39. Ka4 f4 40. b5
Kd7 41. a6 g4 42. Ka5 Kc7 43. Bb6+ Kd6 44. Bd4 f3 45. gxf3 gxf3 46. a7 1-0

[Event "Superliga 2011 M"]
[Site "Brasov/Rumania"]
[Date "2011.10.13"]
[Round "6.4"]
[White "Doncea, Vladimir"]
[Black "Szabo, Attila"]
[Result "1/2-1/2"]
[ECO "A41"]
[WhiteElo "2384"]
[BlackElo "2290"]
[PlyCount "37"]
[EventDate "2011.??.??"]
[TimeControl "40/5400+30:1800+30"]

1. d4 d6 2. g3 e5 3. c3 c6 4. Bg2 Be7 5. Nd2 Nf6 6. e4 O-O 7. Ngf3 Nbd7 8. O-O
Qc7 9. a4 Re8 10. Qc2 Bf8 11. Re1 a5 12. b3 b6 13. Bb2 Ba6 14. Rac1 Rad8 15. c4
g6 16. Bc3 Bh6 17. Rcd1 Nh5 18. Nf1 Ng7 19. Qb2 1/2-1/2

[Event "Superliga 2011 M"]
[Site "Brasov/Rumania"]
[Date "2011.10.13"]
[Round "6.4"]
[White "Hajbok, Robert"]
[Black "Georgescu, Tiberiu-Marian"]
[Result "1/2-1/2"]
[ECO "B18"]
[WhiteElo "2272"]
[BlackElo "2391"]
[PlyCount "296"]
[EventDate "2011.??.??"]
[TimeControl "40/5400+30:1800+30"]

1. e4 c6 2. d4 d5 3. Nc3 dxe4 4. Nxe4 Bf5 5. Ng3 Bg6 6. N1e2 e6 7. Nf4 Bd6 8.
c3 Nf6 9. h4 Bxf4 10. Bxf4 h6 11. h5 Bh7 12. Qb3 Qb6 13. Qa3 Nbd7 14. Bd6 Rc8
15. b4 a6 16. c4 Qd8 17. Be2 Nb6 18. c5 Ra8 19. O-O Nc8 20. Be5 O-O 21. b5 cxb5
22. Bxb5 Ng4 23. c6 Qd5 24. Qc5 Qxc5 25. dxc5 Nxe5 26. cxb7 Rb8 27. bxc8=Q
Rfxc8 28. Bxa6 Rxc5 29. a4 Ra5 30. Bb5 Bd3 31. Rfe1 Bxb5 32. Rxe5 Rba8 33. Rb1
Bxa4 34. Rxa5 Rxa5 35. Rb8+ Kh7 36. Rb7 Kg8 37. Rb8+ Kh7 38. Rb7 f5 39. Rb6 f4
40. Ne4 Re5 41. f3 Bc2 42. Nc3 Rc5 43. Nb5 Rxh5 44. Nd4 Bf5 45. Nxe6 Bxe6 46.
Rxe6 Rf5 47. Re7 Kg6 48. Ra7 Rb5 49. Kh2 Kf6 50. Ra6+ Kg5 51. Ra7 g6 52. Rf7
Rf5 53. Rh7 Rd5 54. Rf7 Rd4 55. Rf8 Rc4 56. Rf7 Kh5 57. Rf6 Kg5 58. Rf8 Rc6 59.
Kh3 Rc5 60. Kh2 Rf5 61. Rh8 Rf7 62. Kh3 Re7 63. Rf8 Re1 64. Kh2 Rd1 65. Rf7 h5
66. Ra7 Rd5 67. Rf7 Rf5 68. Ra7 Kh4 69. Ra4 Rf6 70. Rb4 Kg5 71. Rb8 Kf5 72.
Rb5+ Ke6 73. Rb6+ Ke5 74. Rb5+ Kd4 75. Rb4+ Ke5 76. Rb5+ Ke6 77. Rb6+ Kf7 78.
Rb7+ Kg8 79. Kh3 Rf7 80. Rb8+ Kg7 81. Rb5 Kh6 82. Rb6 Rf5 83. Kh2 Kg5 84. Rb8
Rd5 85. Rf8 Rd4 86. Kh3 Rd1 87. Kh2 Rd6 88. Kh3 Rf6 89. Rh8 Rf7 90. Ra8 Rf5 91.
Rh8 Rf6 92. Rh7 Rc6 93. Rf7 Rc1 94. Kh2 Rc4 95. Kh3 Rd4 96. Rf8 Kh6 97. Rf6 Kg7
98. Ra6 Rd1 99. Kh2 Re1 100. Ra7+ Kf6 101. Rh7 Re7 102. Rh8 Kg7 103. Ra8 g5
104. Kh3 Re6 105. Rb8 Rg6 106. Ra8 g4+ 107. Kh4 gxf3 108. gxf3 Rg3 109. Kxh5
Kf6 110. Ra3 Ke5 111. Rd3 Rg1 112. Kh4 Rg3 113. Kh5 Kf5 114. Rd5+ Ke6 115. Rd3
Rh3+ 116. Kg4 Rh8 117. Kxf4 Rf8+ 118. Ke4 Ra8 119. Rd4 Ra6 120. Rb4 Kf6 121.
Kf4 Rc6 122. Ra4 Rb6 123. Kg4 Rc6 124. Ra5 Rb6 125. Rc5 Rb4+ 126. f4 Rb6 127.
Rh5 Kg6 128. Ra5 Kf6 129. Ra8 Rc6 130. Rh8 Kg7 131. Rb8 Kf6 132. Rb3 Kg6 133.
Ra3 Rb6 134. Rc3 Ra6 135. Rc5 Rb6 136. Ra5 Rc6 137. Rg5+ Kf6 138. Rh5 Kg6 139.
f5+ Kg7 140. Rh3 Rc1 141. Re3 Kf6 142. Re6+ Kf7 143. Re3 Kf6 144. Rf3 Rc4+ 145.
Rf4 Rxf4+ 146. Kxf4 Kf7 147. Ke3 Kf6 148. Ke2 Kxf5 1/2-1/2

[Event "Superliga 2011 M"]
[Site "Brasov"]
[Date "2011.10.15"]
[Round "8.1"]
[White "Mastrovasilis, Dimitrios"]
[Black "Kamsky, Gata"]
[Result "1/2-1/2"]
[ECO "B42"]
[WhiteElo "2607"]
[BlackElo "2756"]
[Annotator "Robot 4"]
[PlyCount "118"]
[EventDate "2011.10.08"]
[TimeControl "40/5400+30:1800+30"]

1. e4 c5 2. Nf3 e6 3. d4 cxd4 4. Nxd4 a6 5. Bd3 g6 6. O-O Bg7 7. Be3 d6 8. c4
Nf6 9. Nc3 O-O 10. Qd2 Nbd7 11. Rfd1 Ne5 12. Be2 Qc7 13. Rac1 Neg4 14. Bg5 d5
15. e5 Qxe5 16. Nf3 Qb8 17. h3 h6 18. Bf4 e5 19. Bg3 Ne4 20. Nxe4 dxe4 21. hxg4
exf3 22. Bxf3 Be6 23. g5 h5 24. Qd6 Re8 25. b3 a5 26. c5 Qa7 27. Qc7 Rab8 28.
Qb6 Qa8 29. Rd6 a4 30. Rcd1 axb3 31. axb3 Kh7 32. Bd5 Bxd5 33. R6xd5 Re7 34.
Rd7 Rbe8 35. Qc7 Bf8 36. Rxe7 Rxe7 37. Qd8 Qxd8 38. Rxd8 Bg7 39. b4 f6 40. gxf6
Bxf6 41. f3 g5 42. b5 Kg6 43. Kf1 h4 44. Bh2 Kf5 45. Rd5 g4 46. fxg4+ Kxg4 47.
Ke2 Kf5 48. Kf3 Rg7 49. b6 Rg8 50. Rd7 e4+ 51. Kf2 Ra8 52. c6 Ra2+ 53. Kf1 e3
54. Rf7 Rf2+ 55. Ke1 Kg4 56. Rxf6 Rxf6 57. cxb7 Rxb6 58. b8=Q Rxb8 59. Bxb8 h3
1/2-1/2

[Event "Superliga 2011 M"]
[Site "Brasov"]
[Date "2011.10.15"]
[Round "8.1"]
[White "Volokitin, Andrei"]
[Black "Svetushkin, Dmitry"]
[Result "1/2-1/2"]
[ECO "C92"]
[WhiteElo "2686"]
[BlackElo "2594"]
[Annotator "Robot 4"]
[PlyCount "31"]
[EventDate "2011.10.08"]
[TimeControl "40/5400+30:1800+30"]

1. e4 e5 2. Nf3 Nc6 3. Bb5 a6 4. Ba4 Nf6 5. O-O Be7 6. Re1 b5 7. Bb3 d6 8. c3
O-O 9. h3 Bb7 10. d4 Nd7 11. Nbd2 exd4 12. cxd4 Bf6 13. Nf1 Na5 14. Bc2 Re8 15.
N1h2 c5 16. d5 1/2-1/2

[Event "Superliga 2011 M"]
[Site "Brasov"]
[Date "2011.10.15"]
[Round "8.1"]
[White "Lupulescu, Constantin"]
[Black "Danilov, Vladimir"]
[Result "1-0"]
[ECO "A11"]
[WhiteElo "2655"]
[BlackElo "2441"]
[Annotator "Robot 4"]
[PlyCount "91"]
[EventDate "2011.10.08"]
[TimeControl "40/5400+30:1800+30"]

1. c4 Nf6 2. Nc3 c6 3. Nf3 d5 4. e3 Bg4 5. cxd5 Bxf3 6. Qxf3 cxd5 7. g4 e6 8.
d4 Nc6 9. Bd3 Be7 10. g5 Nd7 11. h4 a6 12. Qg2 b5 13. f4 Nb6 14. b3 Rc8 15. Bb2
Bb4 16. Rc1 Qd6 17. O-O Ne7 18. a4 Bxc3 19. Bxc3 b4 20. Bd2 a5 21. Rxc8+ Nbxc8
22. Rc1 O-O 23. Be1 Na7 24. Rc5 Qb6 25. e4 g6 26. Bf2 Rd8 27. exd5 Nxd5 28. Qf3
Nc6 29. f5 gxf5 30. Bxf5 exf5 31. Rxd5 Ne7 32. Rb5 Qc6 33. Qxc6 Nxc6 34. d5 Ne7
35. Rxa5 Nxd5 36. Rb5 Kg7 37. a5 Kg6 38. a6 Nc7 39. Rb6+ Kh5 40. a7 Kg4 41. Rb7
Ne6 42. Rb8 Rd1+ 43. Kh2 Rd2 44. Kg2 Nf4+ 45. Kf1 Nd3 46. Be3 1-0

[Event "Superliga 2011 M"]
[Site "Brasov"]
[Date "2011.10.15"]
[Round "8.1"]
[White "Ungureanu, Vlad"]
[Black "Nevednichy, Vladislav"]
[Result "1/2-1/2"]
[ECO "E95"]
[WhiteElo "2376"]
[BlackElo "2540"]
[Annotator "Robot 4"]
[PlyCount "146"]
[EventDate "2011.10.08"]
[TimeControl "40/5400+30:1800+30"]

1. d4 Nf6 2. Nf3 g6 3. c4 Bg7 4. Nc3 O-O 5. e4 d6 6. Be2 e5 7. O-O Nbd7 8. Re1
Re8 9. Bf1 a6 10. d5 a5 11. b3 Nc5 12. Rb1 Bd7 13. Nd2 Nh5 14. a3 Bh6 15. g3 f5
16. exf5 Bxf5 17. Nde4 Bxc1 18. Rxc1 Nxe4 19. Nxe4 Rf8 20. c5 Rf7 21. Qd2 Bxe4
22. Rxe4 Ng7 23. Bh3 Qf6 24. Re2 Nf5 25. Bxf5 Qxf5 26. a4 h5 27. h4 Kg7 28. Rc3
Raf8 29. Rce3 g5 30. Re4 Kg6 31. hxg5 Qf3 32. R4e3 Qg4 33. Qxa5 h4 34. Qd2 hxg3
35. Rxg3 Qh5 36. Qd3+ Rf5 37. Ree3 Kg7 38. Rh3 Qg6 39. Rh2 Rxg5+ 40. Kf1 Rg1+
41. Ke2 Qg4+ 42. f3 Qg6 43. Qxg6+ Kxg6 44. cxd6 cxd6 45. Rc3 Rb1 46. Rh4 Kf5
47. Rh6 b5 48. axb5 Rb8 49. Rxd6 Rxb5 50. Rd8 R5xb3 51. Rf8+ Kg6 52. Rfc8 R3b2+
53. Rc2 Kf7 54. Kd3 Rd1+ 55. Ke4 Re1+ 56. Kf5 Rxc2 57. Rxc2 Ke7 58. Rc6 Re3 59.
Kg4 Kd7 60. Re6 Re1 61. Kg5 Re3 62. Kg4 Re1 63. Kg3 Re2 64. Kh3 Rf2 65. Kg4 Re2
66. f4 e4 67. Kf5 e3 68. Ke4 Re1 69. Kf3 Rf1+ 70. Kg3 Rg1+ 71. Kf3 Rf1+ 72. Kg4
Rg1+ 73. Kh5 Re1 1/2-1/2

[Event "Superliga 2011 M"]
[Site "Brasov"]
[Date "2011.10.15"]
[Round "8.1"]
[White "Dragomirescu, Robin-Alexandru"]
[Black "Chifor, Ovidiu-Emanuel"]
[Result "1-0"]
[ECO "C96"]
[WhiteElo "2353"]
[BlackElo "2256"]
[Annotator "Robot 4"]
[PlyCount "93"]
[EventDate "2011.10.08"]
[TimeControl "40/5400+30:1800+30"]

1. e4 e5 2. Nf3 Nc6 3. Bb5 a6 4. Ba4 Nf6 5. O-O b5 6. Bb3 Be7 7. Re1 d6 8. c3
O-O 9. h3 Na5 10. Bc2 c5 11. d4 Nd7 12. Nbd2 exd4 13. cxd4 Nc6 14. d5 Nce5 15.
a4 Rb8 16. Nxe5 Nxe5 17. axb5 axb5 18. f4 Ng6 19. Nf3 Bh4 20. Rf1 Bg3 21. f5
Ne5 22. Ng5 Nd7 23. e5 Bxe5 24. Nxh7 Re8 25. f6 Nxf6 26. Nxf6+ Bxf6 27. Qh5 Re5
28. Qh7+ Kf8 29. Bf4 Rxd5 30. Rfe1 Re5 31. Bxe5 dxe5 32. Red1 Qc7 33. Ra7 Bb7
34. Bf5 Ke7 35. Rd7+ Qxd7 36. Bxd7 Kxd7 37. b4 cxb4 38. Qe4 Kc7 39. Qxb4 Kb6
40. Ra1 Rc8 41. Qa5+ Kc6 42. Rc1+ Kd6 43. Qb4+ Kd7 44. Qxb5+ Bc6 45. Qa6 Rc7
46. Qd3+ Ke8 47. Qd6 1-0

[Event "Superliga 2011 M"]
[Site "Brasov"]
[Date "2011.10.15"]
[Round "8.3"]
[White "Nisipeanu, Liviu-Dieter"]
[Black "Milu, Romeo-Sorin"]
[Result "1-0"]
[ECO "A32"]
[WhiteElo "2638"]
[BlackElo "2421"]
[Annotator "Robot 4"]
[PlyCount "71"]
[EventDate "2011.10.08"]
[TimeControl "40/5400+30:1800+30"]

1. Nf3 c5 2. c4 Nf6 3. Nc3 e6 4. d4 cxd4 5. Nxd4 a6 6. g3 Qc7 7. b3 b6 8. Bg2
Bb7 9. Bxb7 Qxb7 10. O-O Be7 11. Bb2 O-O 12. e3 Rd8 13. Qe2 d5 14. cxd5 Nxd5
15. Qf3 Ra7 16. Nxd5 Rxd5 17. Rac1 Bf6 18. Nxe6 fxe6 19. Bxf6 gxf6 20. Qxf6 Nd7
21. Qxe6+ Kg7 22. Rc6 Re5 23. Qh6+ Kg8 24. Rc4 Re4 25. Rfc1 Rxc4 26. Rxc4 Nf8
27. h4 Qg7 28. Qxb6 Rd7 29. Qxa6 h6 30. Qc8 Qa1+ 31. Kg2 Qxa2 32. Rf4 Rf7 33.
Qc4 Qa7 34. g4 Kg7 35. Rxf7+ Qxf7 36. Qxf7+ 1-0

[Event "Superliga 2011 M"]
[Site "Brasov"]
[Date "2011.10.15"]
[Round "8.3"]
[White "Mosnegutu, Klauss"]
[Black "Iordachescu, Viorel"]
[Result "0-1"]
[ECO "E38"]
[WhiteElo "2240"]
[BlackElo "2646"]
[Annotator "Robot 4"]
[PlyCount "86"]
[EventDate "2011.10.08"]
[TimeControl "40/5400+30:1800+30"]

1. d4 Nf6 2. c4 e6 3. Nc3 Bb4 4. Qc2 O-O 5. e3 c5 6. dxc5 Na6 7. Nge2 Bxc5 8.
a3 b6 9. b4 Be7 10. Nd4 Bb7 11. f3 d5 12. cxd5 Nxd5 13. Nxd5 Qxd5 14. Bd3 Rac8
15. Qe2 Bh4+ 16. g3 Bf6 17. Be4 Qd7 18. Bxb7 Qxb7 19. Bb2 Nc5 20. Kf2 Na4 21.
Rac1 Nxb2 22. Qxb2 e5 23. Nf5 e4 24. Qe2 exf3 25. Qxf3 Qd7 26. Rxc8 Rxc8 27.
Rd1 Qe6 28. Rd2 g6 29. Nd4 Qh3 30. Ke2 Bxd4 31. exd4 Qxh2+ 32. Kd3 Qh3 33. d5
Qd7 34. Kd4 b5 35. Ke3 Rc3+ 36. Rd3 Qc7 37. Kd2 Rc2+ 38. Kd1 Rc1+ 39. Kd2 Qc2+
40. Ke3 Re1+ 41. Kf4 Qc4+ 42. Kg5 h6+ 43. Kf6 Re6+ 0-1

[Event "Superliga 2011 M"]
[Site "Brasov"]
[Date "2011.10.15"]
[Round "8.3"]
[White "Fedorov, Alexei"]
[Black "Posedaru, Bogdan"]
[Result "1/2-1/2"]
[ECO "C24"]
[WhiteElo "2609"]
[BlackElo "2322"]
[Annotator "Robot 4"]
[PlyCount "46"]
[EventDate "2011.10.08"]
[TimeControl "40/5400+30:1800+30"]

1. e4 e5 2. Bc4 Nf6 3. d3 c6 4. Nf3 Be7 5. O-O d6 6. Nbd2 O-O 7. Re1 Nbd7 8. a3
Nc5 9. Ba2 Be6 10. Nf1 Bxa2 11. Rxa2 Re8 12. Ra1 a5 13. Be3 d5 14. Nxe5 dxe4
15. d4 Ncd7 16. Ng3 Bd6 17. Ng4 Bxg3 18. hxg3 Nxg4 19. Qxg4 Nf6 20. Qh4 a4 21.
Rad1 Qd5 22. Bg5 Nd7 23. g4 Nb6 1/2-1/2

[Event "Superliga 2011 M"]
[Site "Brasov"]
[Date "2011.10.15"]
[Round "8.3"]
[White "Miroiu, George-Catalin"]
[Black "Marin, Mihail"]
[Result "1/2-1/2"]
[ECO "E16"]
[WhiteElo "2281"]
[BlackElo "2550"]
[Annotator "Robot 4"]
[PlyCount "46"]
[EventDate "2011.10.08"]
[TimeControl "40/5400+30:1800+30"]

1. d4 Nf6 2. c4 e6 3. Nf3 b6 4. g3 Bb7 5. Bg2 Bb4+ 6. Bd2 a5 7. O-O O-O 8. Bg5
Be7 9. Nc3 Ne4 10. Bxe7 Qxe7 11. Qc2 Nxc3 12. Qxc3 d6 13. Ne1 Bxg2 14. Nxg2 Nc6
15. d5 Ne5 16. e4 Rae8 17. Rae1 Nd7 18. f4 Nc5 19. b3 exd5 20. exd5 Qd7 21. Nh4
Qg4 22. Qc2 g6 23. Kg2 Qd7 1/2-1/2

[Event "Superliga 2011 M"]
[Site "Brasov"]
[Date "2011.10.15"]
[Round "8.3"]
[White "Miron, Lucian-Costin"]
[Black "Baciu, Stefan"]
[Result "1-0"]
[ECO "D94"]
[WhiteElo "2514"]
[BlackElo "2217"]
[Annotator "Robot 4"]
[PlyCount "73"]
[EventDate "2011.10.08"]
[TimeControl "40/5400+30:1800+30"]

1. Nf3 Nf6 2. c4 c6 3. d4 d5 4. e3 g6 5. Nc3 Bg7 6. Bd3 O-O 7. O-O Bg4 8. h3
Bxf3 9. Qxf3 dxc4 10. Bxc4 Nbd7 11. Rd1 Qc7 12. e4 e5 13. d5 Nb6 14. Bb3 Rad8
15. Bg5 Rd6 16. a4 a6 17. dxc6 Rxd1+ 18. Rxd1 Qxc6 19. a5 Nbd7 20. Nd5 Qb5 21.
Nxf6+ Nxf6 22. Rd3 Nh5 23. g3 Bf6 24. Rd5 Qc6 25. Be3 Re8 26. Qd1 Qc8 27. Bb6
Ng7 28. Rc5 Qxh3 29. Qf3 Nf5 30. exf5 e4 31. Qg2 Qg4 32. fxg6 hxg6 33. Rc4 Qe2
34. Rc7 Re7 35. Rxe7 Bxe7 36. Qf1 Qxb2 37. Qc4 1-0

[Event "Superliga 2011 M"]
[Site "Brasov"]
[Date "2011.10.15"]
[Round "8.3"]
[White "Anuta, Elefterie-Laurentiu"]
[Black "Georgescu, Tiberiu-Marian"]
[Result "0-1"]
[ECO "A06"]
[WhiteElo "2024"]
[BlackElo "2391"]
[Annotator "Robot 4"]
[PlyCount "80"]
[EventDate "2011.10.08"]
[TimeControl "40/5400+30:1800+30"]

1. Nf3 c5 2. b3 d5 3. e4 d4 4. Bb5+ Nd7 5. Ne5 Ngf6 6. Qf3 e6 7. Bxd7+ Bxd7 8.
Nxd7 Nxd7 9. Qe2 Bd6 10. d3 Qc7 11. g3 O-O 12. f4 b5 13. O-O c4 14. Bb2 c3 15.
Bc1 b4 16. a3 a5 17. g4 a4 18. bxa4 Rxa4 19. Qf3 Rfa8 20. e5 Bf8 21. h4 R8a6
22. g5 bxa3 23. Nxa3 Bxa3 24. Bxa3 Rxa3 25. Rxa3 Rxa3 26. Qe4 Qa7 27. Kh2 Nf8
28. h5 Qa4 29. Rf2 Qa8 30. Qxd4 Ra1 31. Qe4 Qxe4 32. dxe4 Re1 33. Kg2 Rxe4 34.
Kf3 Rc4 35. Ke3 Nd7 36. Kd3 Rc8 37. Rf3 Nb6 38. Kd4 Nd5 39. f5 Nb4 40. Rxc3
Nxc2+ 0-1

[Event "Superliga 2011 M"]
[Site "Brasov"]
[Date "2011.10.15"]
[Round "8.5"]
[White "Timoshenko, Georgy"]
[Black "Manea, Alexandru"]
[Result "1-0"]
[ECO "D15"]
[WhiteElo "2572"]
[BlackElo "2415"]
[Annotator "Robot 4"]
[PlyCount "85"]
[EventDate "2011.10.08"]
[TimeControl "40/5400+30:1800+30"]

1. d4 d5 2. c4 c6 3. Nf3 Nf6 4. Nc3 a6 5. a4 e6 6. Bf4 a5 7. e3 Be7 8. Be2 O-O
9. O-O Na6 10. h3 Nb4 11. Qb3 Nh5 12. Bh2 Nf6 13. Rfd1 Bd6 14. Ne5 Qe7 15. Rac1
Rd8 16. Na2 Nxa2 17. Qxa2 Nd7 18. f4 f6 19. Nd3 Kh8 20. Bf3 dxc4 21. Qxc4 Nb6
22. Qb3 Bc7 23. Bg3 Rb8 24. e4 Nd7 25. Kh1 Nf8 26. Bf2 Ng6 27. g3 Nf8 28. Kh2
Bd7 29. d5 exd5 30. exd5 Rdc8 31. Ba7 Ra8 32. Qxb7 Bf5 33. Rxc6 Qd8 34. Nc5 Bd6
35. Bb6 Qe7 36. Qxe7 Bxe7 37. d6 Bd8 38. Bxd8 Rxd8 39. g4 Bd7 40. Rc7 Rab8 41.
b3 Rb6 42. Nxd7 Nxd7 43. Bc6 1-0

[Event "Superliga 2011 M"]
[Site "Brasov"]
[Date "2011.10.15"]
[Round "8.5"]
[White "Genov, Petar"]
[Black "Ionescu, Constantin"]
[Result "1/2-1/2"]
[ECO "A71"]
[WhiteElo "2447"]
[BlackElo "2436"]
[Annotator "Robot 4"]
[PlyCount "26"]
[EventDate "2011.10.08"]
[TimeControl "40/5400+30:1800+30"]

1. d4 Nf6 2. c4 e6 3. Nf3 c5 4. d5 d6 5. Nc3 exd5 6. cxd5 g6 7. e4 Bg7 8. Bg5
O-O 9. Nd2 Re8 10. Be2 Na6 11. O-O Nc7 12. a4 b6 13. f4 h6 1/2-1/2

[Event "Superliga 2011 M"]
[Site "Brasov"]
[Date "2011.10.15"]
[Round "8.5"]
[White "Raceanu, Valentin"]
[Black "Grecescu, Gabriel-Andrei"]
[Result "1/2-1/2"]
[ECO "E41"]
[WhiteElo "2417"]
[BlackElo "2423"]
[Annotator "Robot 4"]
[PlyCount "168"]
[EventDate "2011.10.08"]
[TimeControl "40/5400+30:1800+30"]

1. d4 Nf6 2. c4 e6 3. Nc3 Bb4 4. e3 c5 5. Bd3 d6 6. Nf3 Nc6 7. O-O Bxc3 8. bxc3
e5 9. e4 Bg4 10. d5 Ne7 11. h3 Bxf3 12. Qxf3 Ng6 13. g3 Qe7 14. h4 h6 15. Rb1
O-O-O 16. Kg2 Nf8 17. Rh1 g6 18. Bd2 Ne8 19. g4 f6 20. Rh3 Nd7 21. Rbh1 Ng7 22.
Rg3 Rdf8 23. Qe2 Rf7 24. Rhh3 Qf8 25. Qd1 Kb8 26. Qc1 Ne8 27. Rh1 Nb6 28. Rgh3
Nc8 29. Rf3 Ne7 30. Kf1 h5 31. g5 f5 32. Rg1 fxe4 33. Rxf7 Qxf7 34. Bxe4 Rf8
35. f3 Nf5 36. Qe1 Qd7 37. Bc2 Nc7 38. Qe4 Na8 39. Ke2 Nb6 40. Kd1 Qf7 41. Bd3
Qe8 42. Kc2 Qa4+ 43. Kb2 Qa5 44. Rc1 Qa4 45. f4 Nd7 46. Re1 Qa6 47. Ka1 Qa5 48.
Bc2 a6 49. Bb3 Ka7 50. Bc2 Nxh4 51. Rf1 Nf5 52. Qe1 Qc7 53. Qb1 Nb6 54. Qb3
exf4 55. Rxf4 Re8 56. Bd3 Re5 57. Qd1 Qe7 58. Bxf5 Rxf5 59. Rxf5 gxf5 60. g6
Nxc4 61. Bf4 Qg7 62. Qd3 b5 63. Qg3 h4 64. Qe1 Kb6 65. Bg5 b4 66. Bd8+ Kb7 67.
Bxh4 Ne5 68. Bg3 Nxg6 69. Bxd6 Qxc3+ 70. Qxc3 bxc3 71. Kb1 f4 72. Bxc5 f3 73.
Kc2 Nf4 74. Kxc3 Nxd5+ 75. Kd3 Kc6 76. Bf2 Kb5 77. Ke4 Nc3+ 78. Kxf3 a5 79. Be1
Kc4 80. Bxc3 Kxc3 81. Ke3 a4 82. Ke2 Kc2 83. Ke3 a3 84. Ke2 Kb2 1/2-1/2

[Event "Superliga 2011 M"]
[Site "Brasov"]
[Date "2011.10.15"]
[Round "8.5"]
[White "Bonte, Andrei-Mihai"]
[Black "Pavlov, Mircea-Sergiu-Aureli"]
[Result "1-0"]
[ECO "B73"]
[WhiteElo "2364"]
[BlackElo "2355"]
[Annotator "Robot 4"]
[PlyCount "95"]
[EventDate "2011.10.08"]
[TimeControl "40/5400+30:1800+30"]

1. e4 c5 2. Nf3 g6 3. d4 cxd4 4. Nxd4 Nf6 5. Nc3 d6 6. Be2 Nc6 7. O-O Bg7 8.
Be3 O-O 9. Qd2 d5 10. Nxc6 bxc6 11. e5 Ne4 12. Nxe4 dxe4 13. Qc3 Qc7 14. Bf4
Be6 15. Rfe1 a5 16. Bf1 Bf5 17. Bc4 g5 18. Bg3 Qb6 19. h4 g4 20. Bf4 Kh8 21. h5
h6 22. a4 Qc5 23. b3 Rad8 24. Rad1 Be6 25. Be3 Bxe5 26. Rxd8 Rxd8 27. Bxc5 Bxc3
28. Rxe4 Bxc4 29. Rxc4 Rd1+ 30. Kh2 Be5+ 31. g3 Bd6 32. Bxd6 Rxd6 33. Kg2 Rd5
34. Rxc6 Rxh5 35. c3 Kg7 36. b4 Re5 37. Ra6 axb4 38. cxb4 Re2 39. Rb6 e5 40. a5
e4 41. Kf1 Ra2 42. a6 h5 43. b5 h4 44. gxh4 f5 45. Rb7+ Kh6 46. a7 f4 47. Rb6+
Kh5 48. Ra6 1-0

[Event "Superliga 2011 M"]
[Site "Brasov"]
[Date "2011.10.15"]
[Round "8.5"]
[White "Spulber, Cicirone"]
[Black "Szabo, Attila"]
[Result "1/2-1/2"]
[ECO "A37"]
[WhiteElo "2239"]
[BlackElo "2290"]
[Annotator "Robot 4"]
[PlyCount "35"]
[EventDate "2011.10.08"]
[TimeControl "40/5400+30:1800+30"]

1. c4 c5 2. Nc3 Nc6 3. g3 g6 4. Bg2 Bg7 5. Nf3 e5 6. O-O Nge7 7. Ne1 O-O 8. Nc2
d6 9. Ne3 Rb8 10. Rb1 a6 11. a4 Nb4 12. d3 Bd7 13. Bd2 b6 14. Ncd5 Nbxd5 15.
Nxd5 Nxd5 16. Bxd5 Bh3 17. Re1 a5 18. Qc1 1/2-1/2

[Event "Superliga 2011 M"]
[Site "Brasov"]
[Date "2011.10.15"]
[Round "8.5"]
[White "Hajbok, Robert"]
[Black "Malureanu, Costin-George"]
[Result "1-0"]
[ECO "D31"]
[WhiteElo "2272"]
[BlackElo "2165"]
[Annotator "Robot 4"]
[PlyCount "40"]
[EventDate "2011.10.08"]
[TimeControl "40/5400+30:1800+30"]

1. d4 d5 2. c4 e6 3. Nc3 c6 4. Nf3 dxc4 5. a4 Bb4 6. e3 b5 7. Bd2 a5 8. axb5
Bxc3 9. Bxc3 cxb5 10. b3 Bb7 11. d5 Nf6 12. bxc4 b4 13. Bxf6 Qxf6 14. Qa4+ Nd7
15. Nd4 Ke7 16. d6+ Kxd6 17. Rd1 Nc5 18. Qb5 Rhc8 19. Nf5+ Ke5 20. Nd6 Qe7 1-0